 Dungeon Crawl Stone Soup version 0.19.0-2-gae57169 (webtiles) character file.

80 PhynixH2O the Grave Robber (level 4, -3/33 HPs)
             Began as a Demonspawn Necromancer on Nov 2, 2016.
             Slain by Sigmund
             ... wielding a +0 scythe
              (11 damage)
             ... on level 2 of the Dungeon.
             The game lasted 00:10:26 (1755 turns).

PhynixH2O the Grave Robber (Demonspawn Necromancer) Turns: 1755, Time: 00:10:27

Health: -3/33      AC:  2    Str:  8      XL:     4   Next: 18%
Magic:  0/8        EV: 14    Int: 18      God:
Gold:   41         SH:  0    Dex: 17 (18) Spells: 3 memorised, 3 levels left

rFire  . . .     SeeInvis .     f - +0 short sword
rCold  . . .     Gourm    .     a - +0 robe
rNeg   . . .     Faith    .     (no shield)
rPois  .         Spirit   .     (no helmet)
rElec  .         Reflect  .     (no cloak)
rCorr  .         Harm     .     (no gloves)
MR     +....                    (no boots)
Stlth  ++++......               (no amulet)
                                g - ring of protection from magic
                                i - -3 ring of evasion (curse)

@: agile
A: nightstalker 1
a: no special abilities


You were on level 2 of the Dungeon.
You were not hungry.

You visited 1 branch of the dungeon, and saw 2 of its levels.

You collected 41 gold pieces.

Inventory:

Hand Weapons
 f - a +0 short sword (weapon)
Armour
 a - a +0 robe (worn)
 h - a +0 plate armour
Jewellery
 e - an uncursed ring of ice
 g - a ring of protection from magic (right hand)
 i - a cursed -3 ring of evasion (left hand)
Scrolls
 k - a scroll of teleportation {unknown}
Potions
 j - a potion of cancellation
Books
 b - a book of Necromancy

   Spells                             Type                      Level
   a - Pain                           Necromancy                   1
   b - Animate Skeleton               Necromancy                   1
   c - Vampiric Draining              Necromancy                   3
   d - Regeneration                   Charms/Necromancy            3
   e - Animate Dead                   Necromancy                   4
   f - Control Undead                 Necromancy                   4
Comestibles
 c - a bread ration
 d - 4 chunks of flesh
 l - a meat ration


   Skills:
 + Level 2.2 Fighting
 - Level 1.7 Dodging
 - Level 1.7 Stealth
 + Level 2.9 Spellcasting
 + Level 5.0 Necromancy


You had 3 spell levels left.
You knew the following spells:

 Your Spells              Type           Power        Failure   Level  Hunger
a - Pain                  Necr           ###.         1%          1    None
b - Animate Skeleton      Necr           N/A          1%          1    None
c - Vampiric Draining     Necr           ###.......   10%         3    ###....


Dungeon Overview and Level Annotations

Branches:
Dungeon (2/15)

Altars:

Annotations:
D:2 Sigmund


Innate Abilities, Weirdness & Mutations

You are slightly more attuned to the shadows.


Message History

Confirm with . or Enter, or press ? or * to list all spells.
Aiming: Pain
Press: ? - help, Shift-Dir - straight line, f/p - Sigmund
Aim: Sigmund, wielding a scythe and wearing a robe (heavily wounded, chance to defeat MR: 85%) Sigmund writhes in agony!
Sigmund casts a spell at you. The magic dart hits you!
You hit Sigmund.
Sigmund is severely wounded.
Sigmund says, "You will soon forget everything."
Sigmund misses you.
You hit Sigmund.
Sigmund is almost dead.
Sigmund gestures at you while chanting. The puff of flame hits you!
* * * LOW HITPOINT WARNING * * *
You barely miss Sigmund.
Sigmund is almost dead.
Sigmund hits you with a scythe!
You die...

#.# #.#########
#.# #.........#
##.# #..########
.#.# #..# .. .#.#
#..# .# .# #..#
.# .#
#..####.###.# .#
####............
.#
..........@.....#
.#
#####...###@#####
.######## ##.##
.# <.......# #.#
.# #######.# #.#
.#
####.####.####.#
#...............
#.############.#
..


You could see Sigmund.

Vanquished Creatures
  4 adders (D:2)
  3 dart slugs
  2 leopard geckos
  4 goblins
  5 hobgoblins
  2 quokkas (D:2)
  A ball python (D:2)
  2 bats (D:2)
  4 frilled lizards
  8 kobolds
  4 rats
39 creatures vanquished.

Vanquished Creatures (collateral kills)
  A bat (D:1)
  A frilled lizard (D:1)
2 creatures vanquished.

Grand Total: 41 creatures vanquished

Notes
Turn   | Place    | Note
-------+----------+-------------------------------------------
     0 | D:1      | PhynixH2O the Demonspawn Necromancer began the quest for the Orb.
     0 | D:1      | Reached XP level 1. HP: 13/13 MP: 3/3
    17 | D:1      | Learned a level 1 spell: Animate Skeleton
   173 | D:1      | Reached skill level 1 in Fighting
   238 | D:1      | Gained mutation: You are slightly more attuned to the shadows. [demonic ancestry]
   238 | D:1      | Reached XP level 2. HP: 15/21 MP: 0/5
  1032 | D:2      | Reached XP level 3. HP: 25/26 MP: 3/6
  1354 | D:2      | Learned a level 3 spell: Vampiric Draining
  1546 | D:2      | Reached skill level 5 in Necromancy
  1608 | D:2      | Reached XP level 4. HP: 24/33 MP: 6/8
  1741 | D:2      | Noticed Sigmund
  1755 | D:2      | Slain by Sigmund

Skill      XL: |  1  2  3 |
---------------+----------+-----
Fighting       | 1 2 |  2.2
Necromancy     | 5 |  5.0
Dodging        | |  1.7
Stealth        | |  1.7
Spellcasting   | |  2.9

Action                   |  1- 3 |  4- 6 || total
-------------------------+-------+-------++-------
Melee: Short sword       |    26 |     8 ||    34
 Cast: Pain              |    56 |    12 ||    68
       Animate Skeleton  |     4 |       ||     4
       Vampiric Draining |     3 |     3 ||     6
  Use: Potion            |     6 |     1 ||     7
       Scroll            |     2 |       ||     2
  Eat: Chunk             |     3 |     1 ||     4
Armor: Robe              |     4 |     1 ||     5
Dodge: Dodged            |    27 |     6 ||    33
